Map: Persephone LE

Players

ManlyManMeat - Winner!

  • Race: Zerg Zerg
  • League: Diamond
  • Spawn Location: 11:00

VOD

Have the link to the VOD?

Description

Time

  • Played on: June 24, 2025, 7:24 p.m.
  • Length: 53:06
Show
View Real Time Build Order
Export as new Build Order

ManlyManMeat Zerg - Winner!

Build Orders:  

Get SALT Encoding   

  12  0:00  Drone  
  13  0:12  Drone  
  14  0:21  Extractor  
  14  0:22  Drone  
  15  0:31  Overlord  
  15  0:59  Drone  
  16  1:08  Hatchery  
  15  1:12  Drone  
  15  1:16  Drone  
  17  1:22  Drone  
  18  1:41  Extractor  
  18  1:43  Spawning Pool  
  18  1:48  Drone  
  17  1:52  Drone  
  18  2:04  Drone  
  19  2:15  Drone  
  20  2:48  Queen  
  20  2:49  Queen  
  24  2:51  Zergling x4  
  24  2:56  Overlord  
  26  3:18  Drone x2  
  28  3:37  Hatchery  
  27  3:40  Drone  
  27  3:46  Drone  
  27  3:47  Drone  
  27  3:49  Drone  
  31  3:53  Drone  
  31  3:57  Metabolic Boost  
  32  4:00  Drone  
  32  4:05  Drone x2  
  35  4:18  Overlord  
  35  4:27  Drone  
  36  4:35  Overlord  
  36  4:39  Overlord  
  36  4:43  Queen  
  38  4:53  Drone x3  
  38  4:54  Drone  
  42  5:10  Drone x2  
  42  5:11  Drone, Baneling Nest  
  42  5:12  Evolution Chamber  
  42  5:19  Queen  
  45  5:21  Drone x2  
  47  5:53  Zergling x8  
  47  5:54  Zergling x4  
  53  6:10  Zerg Melee Weapons Level 1  
  53  6:17  Evolution Chamber  
  53  6:19  Extractor  
  51  6:27  Queen  
  53  6:31  Drone x4  
  53  6:32  Drone x4  
  53  6:34  Overlord  
  53  6:35  Overlord  
  53  6:36  Overlord  
  61  6:40  Drone  
  61  6:43  Extractor  
  61  6:57  Baneling x4  
  61  7:09  Drone x2  
  63  7:10  Drone  
  63  7:13  Drone x2  
  63  7:14  Drone  
  63  7:16  Hatchery  
  66  7:35  Queen  
  67  7:50  Hatchery  
  67  7:53  Hatchery  
  67  7:56  Queen  
  67  7:58  Drone x2  
  67  7:59  Drone x3  
  72  8:00  Drone  
  72  8:08  Lair  
  73  8:10  Zerg Ground Armor Level 1  
  73  8:39  Zergling x4  
  75  8:40  Zergling x18  
  75  8:41  Overlord x3  
  84  8:57  Roach Warren  
  83  9:31  Zergling x6  
  83  9:32  Zergling x32  
  102  9:59  Drone x3  
  105  10:00  Drone x5  
  105  10:05  Drone  
  105  10:06  Drone, Extractor  
  105  10:07  Drone x2  
  113  10:10  Drone  
  113  10:11  Drone x2, Extractor  
  113  10:13  Extractor  
  113  10:14  Drone x3  
  117  10:21  Overlord  
  117  10:22  Overlord  
  117  10:23  Overlord  
  117  10:49  Roach x5  
  127  10:50  Roach  
  127  10:52  Infestation Pit  
  128  11:01  Zergling x2  
  128  11:02  Zergling x26  
  128  11:03  Overlord x2  
  128  11:04  Overlord x2  
  128  11:05  Overlord  
  128  11:06  Zergling x6  
  145  11:14  Baneling x2  
  145  11:15  Baneling x7  
  145  11:16  Baneling x2  
  145  11:54  Roach x5  
  145  11:55  Infestor x2  
  145  11:56  Infestor x5  
  145  11:58  Zergling x22  
  180  12:16  Infestor  
  180  12:18  Zergling x12  
  188  12:41  Overlord  
  188  12:42  Overlord  
  188  12:43  Overlord  
  188  12:45  Overlord  
  188  12:47  Overlord  
  188  12:48  Overlord  
  138  13:43  Roach x6  
  138  13:44  Zergling x18, Roach x2  
  138  13:45  Zergling x44  
  138  13:46  Zergling x16  
  138  13:47  Zergling x2  
Tags
 
League
Diamond
Matchup
Co-op
Replay Pack
Myownreplay2
Add a new tag
Caveats
  • Supply blocks, unpowered buildings, or Contaminate may cause inaccurate times.
  • Supply counts are checked every 10 seconds.